 Dungeon Crawl Stone Soup version 0.29.1-12-g30fa7ad0bf (webtiles) character file.

Game seed: 13743698104268133444

126 nachturnus the Slasher (level 5, -1/38 HPs)
             Began as a Human Gladiator on Jan 7, 2023.
             Killed by divine providence
             ... invoked by an orc priest
              (18 damage)
             ... on level 4 of the Dungeon.
             The game lasted 00:06:23 (2183 turns).

nachturnus the Slasher (Human Gladiator)            Turns: 2183, Time: 00:06:23

Health: -1/38      AC:  7    Str: 14    XL:     5   Next: 31%
Magic:  5/5        EV: 11    Int:  8    God:
Gold:   259        SH:  0    Dex: 17    Spells: 4/4 levels left

rFire   + . .      SeeInvis .   a - +1 long sword
rCold   + . .      Faith    .   (no shield)
rNeg    . . .      Spirit   .   r - +0 ring mail
rPois   +          Reflect  .   c - +0 helmet
rElec   .          Harm     +   (no cloak)
rCorr   .          Rampage  .   (no gloves)
Will    .....                   h - +0 pair of boots
Stlth   +.........              j - amulet of Kausad {Acrobat Harm Drain rPois rF+}
HPRegen 0.12/turn               p - ring of protection from cold
MPRegen 0.09/turn               (no ring)

@: no status effects
A: no striking features
a: no special abilities


You were on level 4 of the Dungeon.
You visited 1 branch of the dungeon, and saw 4 of its levels.

You collected 259 gold pieces.

Inventory:

Hand Weapons
 a - a +1 long sword (weapon)
Missiles
 d - 3 throwing nets (quivered)
 e - a javelin
Armour
 b - a +0 leather armour
 c - a +0 helmet (worn)
 h - a +0 pair of boots (worn)
 r - a +0 ring mail (worn)
Jewellery
 j - the amulet of Kausad (around neck) {Acrobat Harm Drain rPois rF+}
   (You acquired it on level 2 of the Dungeon)

   [amulet of the acrobat]

   It increases your evasion while moving and waiting.
   rF:        It protects you from fire.
   rPois:     It protects you from poison.
   Drain:     It drains your maximum health when unequipped.
   Harm:      It increases damage dealt and taken.
 p - a ring of protection from cold (left hand)
Scrolls
 g - a scroll of magic mapping
 k - a scroll of amnesia
 l - 4 scrolls of fear {unknown}
 o - a scroll of teleportation
Potions
 f - a potion of flight
 i - a potion of mutation {unknown}
 m - 2 potions of brilliance
 n - a potion of lignification {unknown}
 t - a potion of attraction {unknown}


   Skills:
 - Level 2.0 Fighting
 + Level 5.6 Long Blades
 - Level 2.0 Throwing
 - Level 3.0 Dodging


You had 4 spell levels left.
You didn't know any spells.
Your spell library contained the following spells:

 Spells                   Type           Power      Damage    Failure   Level
 Portal Projectile        Hex/Tloc       0%         N/A       95%         3
 Tukima's Dance           Hex            0%         N/A       95%         3
 Blade Hands              Tmut           0%         N/A       100%        5


Dungeon Overview and Level Annotations

Branches:
Dungeon (4/15)
 Temple: D:4-7

Altars:
Cheibriados
Ru
Vehumet


Message History

You now have 259 gold pieces (gained 14).
A black bear is nearby!
There is a stone staircase leading down here.
You climb downwards.
The orc shouts!
The orc priest shouts!
The orc shouts!
You hear a shout!
There is a stone staircase leading up here.
An orc comes into view. It is wielding a +0 hand axe.
The orc shouts!
The orc hits you but does no damage.
You hit the orc but do no damage. The orc hits you but does no damage.
You hit the orc but do no damage. The orc closely misses you.
You slash the orc!
You kill the orc!
You hit the orc priest but do no damage.
The orc priest casts a cantrip, but nothing happens.
You slash the orc priest!
The orc priest is almost dead.
The orc priest calls upon Beogh to heal the orc priest.
The orc priest is healed somewhat.
The orc priest barely misses you.
You slash the orc priest!
You kill the orc priest!
The orc priest invokes the aid of Beogh against you.
Beogh smites you!
Ouch! That really hurt!
You have reached level 5!
You hit the orc.
The orc is lightly wounded.
The orc hits you but does no damage.
You slash the orc!
You kill the orc!
The orc priest misses you.
You barely miss the orc priest. The orc priest completely misses you.
You hit the orc priest.
The orc priest is moderately wounded.
The orc priest barely misses you.
You slash the orc priest!
The orc priest is almost dead.
The orc priest mumbles some strange prayers to Beogh against you.
Beogh smites you!
You die...

#####
....#
...#
#..#
.o#
#o#
#@#
#.#
#<#
###


You could see an orc priest and an orc.

Vanquished Creatures
  A hound (D:3)
  An orc priest (D:4)
  2 adders
  A gnoll (D:1)
  2 orcs (D:4)
  2 ball pythons
  2 endoplasms
  3 goblins (D:1)
  7 hobgoblins
  2 kobolds (D:1)
  2 quokkas
  5 bats
  3 frilled lizards
  4 rats
37 creatures vanquished.

Notes
Turn   | Place    | Note
-------+----------+-------------------------------------------
     0 | D:1      | nachturnus the Human Gladiator began the quest for the Orb.
     0 | D:1      | Reached XP level 1. HP: 16/16 MP: 1/1
    93 | D:1      | Reached XP level 2. HP: 21/22 MP: 2/2
   268 | D:1      | Reached XP level 3. HP: 27/27 MP: 3/3
   294 | D:1      | Reached skill level 4 in Long Blades
  1168 | D:2      | Found a faded altar of an unknown god.
  1713 | D:2      | Identified a scroll of acquirement
  1713 | D:2      | Acquired the amulet of Kausad {Acrobat Harm Drain rPois
                  | rF+}
  1731 | D:3      | Noticed a black bear
  1816 | D:3      | Reached XP level 4. HP: 31/33 MP: 4/4
  1881 | D:3      | Found a sacrificial altar of Ru.
  1890 | D:3      | Found a snail-covered altar of Cheibriados.
  1899 | D:3      | Found a radiant altar of Vehumet.
  1984 | D:3      | Reached skill level 5 in Long Blades
  2179 | D:4      | Reached XP level 5. HP: 16/38 MP: 5/5
  2183 | D:4      | Killed from afar by an orc priest

Illustrated notes

Levels and vault maps discovered:
D:1:      wander_arrival_desolate, layout_loops_cross
D:2:      layout_loops_ring, shapermc_ecumenical_altar_venn,
          dreamdust_wishing_well
D:3:      layout_basic, grunt_temple_overflow_diamond
D:4:      layout_basic, nicolae_dithmenos_shadow_blocks,
          minmay_temple_entry_butterflies, serial_shops, shop_statue,
          minmay_misc_feat_five, kennysheep_generic_room_12, uniq_ijyb,
          uniq_blork_the_orc, uniq_duvessa

Skill      XL: |  1  2  3  4 |
---------------+-------------+-----
Long Blades    | 4 5 |  5.6
Fighting       | |  2.0
Throwing       | |  2.0
Dodging        | |  3.0

Action                   |  1- 3 |  4- 6 || total
-------------------------+-------+-------++-------
Melee: Long sword        |    61 |    37 ||    98
  Use: Scroll            |     8 |       ||     8
Armor: Leather armour    |    22 |       ||    22
       Ring mail         |     6 |     7 ||    13
Dodge: Dodged            |    31 |    26 ||    57
